TOP OF THE 1ST |
Villanova Wildcats batting - Pitching for Florida State Seminoles : RHP José Amaya
|
Pitching: RHP José Amaya
|
|
Batting: RHB Juan Romero
|
0-0: Ball 1-0: Swinging Strike 1-1: Fly out, F9 (Line Drive, 9)
|
Batting: SHB Will Combs
|
0-0: Called Strike 0-1: Ball 1-1: Ball 2-1: Ground out 3-1 (Groundball, 34S)
|
Batting: RHB Robbie Anderson
|
0-0: Ball 1-0: Fly out, F8 (Flyball, 8RM)
|
Top of the 1st over - 0 run(s), 0 hit(s), 0 error(s), 0 left on base; Villanova 0 - Florida State 0 |
BOTTOM OF THE 1ST |
Florida State Seminoles batting - Pitching for Villanova Wildcats : RHP Bill Pearson
|
Pitching: RHP Bill Pearson
|
|
Batting: RHB Lorenzo Cintrón
|
0-0: Ball 1-0: Ball 2-0: Ground out 6-3 (Groundball, 6M)
|
Batting: RHB Roberto Casas
|
0-0: Called Strike 0-1: Swinging Strike 0-2: Ball 1-2: Ball 2-2: DOUBLE (Flyball, 78M)
|
Batting: RHB Rubén Hernández
|
0-0: Foul Ball, location: 2F 0-1: Ball 1-1: Ground out 6-3 (Groundball, 6D)
|
Batting: RHB Aaron Duncan
|
0-0: Called Strike 0-1: Swinging Strike 0-2: Ball 1-2: Strikes out swinging
|
Bottom of the 1st over - 0 run(s), 1 hit(s), 0 error(s), 1 left on base; Villanova 0 - Florida State 0 |
TOP OF THE 2ND |
Villanova Wildcats batting - Pitching for Florida State Seminoles : RHP José Amaya
|
Batting: RHB Steve Smith
|
0-0: Called Strike 0-1: Called Strike 0-2: Strikes out looking
|
Batting: RHB Michael Boulanger
|
0-0: Ground out 5-3 (Groundball, 56)
|
Batting: RHB Martín Flores
|
0-0: Ball 1-0: Swinging Strike 1-1: Called Strike 1-2: Ball 2-2: Fly out, F7 (Flyball, 7LM)
|
Top of the 2nd over - 0 run(s), 0 hit(s), 0 error(s), 0 left on base; Villanova 0 - Florida State 0 |
BOTTOM OF THE 2ND |
Florida State Seminoles batting - Pitching for Villanova Wildcats : RHP Bill Pearson
|
Batting: LHB Paul Cotton
|
0-0: Ball 1-0: Foul Ball, location: 2F 1-1: Ball 2-1: Foul Ball, location: 2F 2-2: Fly out, F9 (Flyball, 9LS)
|
Batting: RHB John Newman
|
0-0: Ball 1-0: Ground out 1-3 (Groundball, P)
|
Batting: RHB Fred Burgess
|
0-0: Foul Ball, location: 2F 0-1: Foul Ball, location: 2F 0-2: Ball 1-2: Ball 2-2: Strikes out swinging
|
Bottom of the 2nd over - 0 run(s), 0 hit(s), 0 error(s), 0 left on base; Villanova 0 - Florida State 0 |
TOP OF THE 3RD |
Villanova Wildcats batting - Pitching for Florida State Seminoles : RHP José Amaya
|
Batting: RHB Heath Hall
|
0-0: Ball 1-0: Swinging Strike 1-1: Foul Ball, location: 2F 1-2: Foul Ball, location: 2F 1-2: Ball 2-2: Ball 3-2: Foul Ball, location: 2F 3-2: Strikes out looking
|
Batting: RHB Jason Smith
|
0-0: Called Strike 0-1: Ball 1-1: Ball 2-1: Called Strike 2-2: Strikes out swinging
|
Batting: RHB Reynaldo Gómez
|
0-0: Foul Ball, location: 2F 0-1: Ball 1-1: SINGLE (Line Drive, 6MD)
|
Batting: RHB Juan Romero
|
0-0: Ball 1-0: Called Strike 1-1: Ball 2-1: Ball 3-1: Called Strike 3-2: SINGLE (Line Drive, 56) Reynaldo Gómez to second Reynaldo Gómez to third
|
Batting: SHB Will Combs
|
0-0: Ball Juan Romero steals 2nd base 1-0: Ball 2-0: Ground out 6-3 (Groundball, 6)
|
Top of the 3rd over - 0 run(s), 2 hit(s), 0 error(s), 2 left on base; Villanova 0 - Florida State 0 |
BOTTOM OF THE 3RD |
Florida State Seminoles batting - Pitching for Villanova Wildcats : RHP Bill Pearson
|
Batting: RHB José Sosa
|
0-0: Fly out, F9 (Flyball, 89M)
|
Batting: LHB Jeff Stevens
|
0-0: Ball 1-0: Foul Ball, location: 2F 1-1: SINGLE (Line Drive, 4MD)
|
Batting: RHB Lorenzo Cintrón
|
0-0: SINGLE (Line Drive, 6MD) Jeff Stevens to second
|
Batting: RHB Roberto Casas
|
0-0: Ball 1-0: Foul Ball, location: 2F 1-1: Ball Jeff Stevens steals 3rd base Lorenzo Cintrón to second 2-1: SINGLE (Groundball, 6D) Jeff Stevens scores Lorenzo Cintrón to third Runner from 3rd tries for Home, SAFE, no throw
|
Batting: RHB Rubén Hernández
|
0-0: Ball 1-0: Swinging Strike 1-1: Foul Ball, location: 2F 1-2: Grounds into double play, 4-6-3 (Groundball, 4)
|
Bottom of the 3rd over - 2 run(s), 3 hit(s), 0 error(s), 0 left on base; Villanova 0 - Florida State 2 |
TOP OF THE 4TH |
Villanova Wildcats batting - Pitching for Florida State Seminoles : RHP José Amaya
|
Batting: RHB Robbie Anderson
|
0-0: Foul Ball, location: 2F 0-1: Ball 1-1: Ground out 6-3 (Groundball, 6)
|
Batting: RHB Steve Smith
|
0-0: Swinging Strike 0-1: Foul Ball, location: 2F 0-2: Ball 1-2: Foul Ball, location: 2F 1-2: Ball 2-2: Foul Ball, location: 2F 2-2: Foul Ball, location: 2F 2-2: Strikes out swinging
|
Batting: RHB Michael Boulanger
|
0-0: Called Strike 0-1: Called Strike 0-2: Foul Ball, location: 2F 0-2: Foul Ball, location: 2F 0-2: Ball 1-2: Foul Ball, location: 2F 1-2: Ball 2-2: Foul Ball, location: 2F 2-2: SINGLE (Line Drive, 8LS)
|
Batting: RHB Martín Flores
|
0-0: Foul Ball, location: 2F 0-1: Swinging Strike 0-2: Ball 1-2: Foul Ball, location: 2F Balk! Michael Boulanger to second 1-2: Foul Ball, location: 2F 1-2: Foul Ball, location: 2F 1-2: Strikes out swinging
|
Top of the 4th over - 0 run(s), 1 hit(s), 0 error(s), 1 left on base; Villanova 0 - Florida State 2 |
BOTTOM OF THE 4TH |
Florida State Seminoles batting - Pitching for Villanova Wildcats : RHP Bill Pearson
|
Batting: RHB Aaron Duncan
|
0-0: Ground out 6-3 (Groundball, 6MS)
|
Batting: LHB Paul Cotton
|
0-0: Ball 1-0: Ball 2-0: DOUBLE (Line Drive, 9LM)
|
Batting: RHB John Newman
|
0-0: Ball 1-0: SINGLE (Flyball, 89S) Paul Cotton to third Runner from 3rd tries for Home, SAFE, no throw
|
Batting: RHB Fred Burgess
|
0-0: Ball John Newman steals 2nd base 1-0: Fly out, F5 (Popup, 5D)
|
Batting: RHB José Sosa
|
0-0: Ball 1-0: Ground out 4-3 (Groundball, 4M)
|
Bottom of the 4th over - 1 run(s), 2 hit(s), 0 error(s), 1 left on base; Villanova 0 - Florida State 3 |
TOP OF THE 5TH |
Villanova Wildcats batting - Pitching for Florida State Seminoles : RHP José Amaya
|
Batting: RHB Heath Hall
|
0-0: Ball 1-0: Foul Ball, location: 2F 1-1: Ball 2-1: Foul Ball, location: 2F 2-2: Ball 3-2: Base on Balls
|
Batting: RHB Jason Smith
|
0-0: Called Strike 0-1: Hit by Pitch Heath Hall to second
|
Batting: RHB Reynaldo Gómez
|
0-0: Ball 1-0: Called Strike 1-1: Called Strike 1-2: Ball 2-2: Strikes out looking
|
Pitching: LHP Carlos Ramos
|
|
Batting: RHB Juan Romero
|
0-0: Called Strike 0-1: SINGLE (Line Drive, 34) Heath Hall to third Jason Smith to second Runner from 3rd tries for Home, SAFE, throw made home Jason Smith to third Juan Romero to second
|
Batting: SHB Will Combs
|
0-0: Ball 1-0: Ball 2-0: Called Strike 2-1: Ball 3-1: Swinging Strike 3-2: Ground out 6-3 (Groundball, 6) Jason Smith scores Juan Romero to third
|
Batting: RHB Robbie Anderson
|
0-0: Ball 1-0: Ball 2-0: Foul Ball, location: 2F 2-1: Swinging Strike 2-2: Ball 3-2: Base on Balls
|
Batting: RHB Steve Smith
|
0-0: Ball 1-0: Called Strike 1-1: Ball 2-1: Swinging Strike 2-2: Foul Ball, location: 2F 2-2: Ball 3-2: Base on Balls Robbie Anderson to second
|
Batting: RHB Michael Boulanger
|
0-0: Ball 1-0: Ball 2-0: Ball 3-0: Base on Balls Juan Romero scores Robbie Anderson to third Steve Smith to second
|
Batting: RHB Martín Flores
|
0-0: GRAND SLAM HOME RUN (Line Drive, 78XD), Distance : 386 ft
|
Batting: RHB Heath Hall
|
0-0: Ball 1-0: Ball 2-0: Called Strike 2-1: Fly out, F8 (Line Drive, 78M)
|
Top of the 5th over - 7 run(s), 2 hit(s), 0 error(s), 0 left on base; Villanova 7 - Florida State 3 |
BOTTOM OF THE 5TH |
Florida State Seminoles batting - Pitching for Villanova Wildcats : RHP Bill Pearson
|
Batting: LHB Jeff Stevens
|
0-0: Ground out 6-3 (Groundball, 6S)
|
Batting: RHB Lorenzo Cintrón
|
0-0: Ball 1-0: Ball 2-0: Ball 3-0: Called Strike 3-1: Base on Balls
|
Batting: RHB Roberto Casas
|
0-0: Swinging Strike 0-1: Ball 1-1: Fly out, F6 (Flyball, 6D)
|
Batting: RHB Rubén Hernández
|
0-0: Called Strike 0-1: Ball 1-1: SINGLE (Flyball, 9LM) Lorenzo Cintrón to second Runner from 2nd tries for 3rd, SAFE, no throw
|
Batting: RHB Aaron Duncan
|
0-0: Called Strike 0-1: Ball 1-1: Fly out, F7 (Flyball, 7)
|
Bottom of the 5th over - 0 run(s), 1 hit(s), 0 error(s), 2 left on base; Villanova 7 - Florida State 3 |
TOP OF THE 6TH |
Villanova Wildcats batting - Pitching for Florida State Seminoles : LHP Carlos Ramos
|
Pitching: RHP Michael Jeffries
|
|
Batting: RHB Jason Smith
|
0-0: Called Strike 0-1: Ball 1-1: Ball 2-1: Fly out, F8 (Flyball, 78S)
|
Batting: RHB Reynaldo Gómez
|
0-0: Foul Ball, location: 2F 0-1: Swinging Strike 0-2: SINGLE (Line Drive, 8LS)
|
Batting: RHB Juan Romero
|
0-0: Called Strike 0-1: Ball 1-1: Ball Wild Pitch! Reynaldo Gómez to second 2-1: Intentional Walk
|
Batting: SHB Will Combs
|
0-0: Called Strike 0-1: SINGLE (Groundball, 34D) Reynaldo Gómez to third Juan Romero to second Runner from 3rd tries for Home, SAFE, no throw
|
Batting: RHB Robbie Anderson
|
0-0: Ball 1-0: Called Strike 1-1: Grounds into double play, 5-4-3 (Groundball, 5)
|
Top of the 6th over - 1 run(s), 2 hit(s), 0 error(s), 1 left on base; Villanova 8 - Florida State 3 |
BOTTOM OF THE 6TH |
Florida State Seminoles batting - Pitching for Villanova Wildcats : RHP Bill Pearson
|
Batting: LHB Paul Cotton
|
0-0: Ball 1-0: Ball 2-0: Ball 3-0: Base on Balls
|
Batting: RHB John Newman
|
0-0: Called Strike 0-1: Swinging Strike 0-2: Foul Ball, location: 2F 0-2: SINGLE (Line Drive, 89S) Paul Cotton to second
|
Batting: RHB Fred Burgess
|
0-0: Ball 1-0: Called Strike 1-1: Swinging Strike 1-2: Foul Ball, location: 2F 1-2: Ball 2-2: Ball 3-2: Base on Balls Paul Cotton to third John Newman to second
|
Pitching: RHP Mathieu Bourbeau
|
|
Batting: RHB José Sosa
|
0-0: Called Strike 0-1: Ball 1-1: Ball 2-1: Foul Ball, location: 2F 2-2: Strikes out swinging
|
Batting: LHB Jeff Stevens
|
0-0: Ball 1-0: Ball 2-0: Foul Ball, location: 2F 2-1: Foul Ball, location: 2F 2-2: Ball 3-2: Foul Ball, location: 2F 3-2: Base on Balls Paul Cotton scores John Newman to third Fred Burgess to second
|
Batting: RHB Lorenzo Cintrón
|
0-0: Foul Ball, location: 2F 0-1: Swinging Strike 0-2: Foul Ball, location: 2F 0-2: Strikes out looking
|
Batting: RHB Roberto Casas
|
0-0: SINGLE (Groundball, 4MD) John Newman scores Fred Burgess to third Jeff Stevens to second Runner from 3rd tries for Home, SAFE, no throw
|
Batting: RHB Rubén Hernández
|
0-0: Ball 1-0: Ball Balk! Jeff Stevens to third Roberto Casas to second 2-0: Called Strike 2-1: Foul Ball, location: 2F 2-2: Foul Ball, location: 2F 2-2: Foul Ball, location: 2F 2-2: Foul Ball, location: 2F 2-2: Ball 3-2: Foul Ball, location: 2F 3-2: Strikes out swinging
|
Bottom of the 6th over - 3 run(s), 2 hit(s), 0 error(s), 2 left on base; Villanova 8 - Florida State 6 |
TOP OF THE 7TH |
Villanova Wildcats batting - Pitching for Florida State Seminoles : RHP Michael Jeffries
|
Batting: RHB Steve Smith
|
0-0: Fly out, F7 (Flyball, 78M)
|
Batting: RHB Michael Boulanger
|
0-0: Foul Ball, location: 2F 0-1: Ball 1-1: Ball 2-1: Called Strike 2-2: Ball 3-2: Foul Ball, location: 2F 3-2: Ground out 4-3 (Groundball, 4)
|
Batting: RHB Martín Flores
|
0-0: Ball 1-0: Foul Ball, location: 2F 1-1: Ball 2-1: Ball 3-1: Fly out, F4 (Popup, 34D)
|
Top of the 7th over - 0 run(s), 0 hit(s), 0 error(s), 0 left on base; Villanova 8 - Florida State 6 |
BOTTOM OF THE 7TH |
Florida State Seminoles batting - Pitching for Villanova Wildcats : RHP Mathieu Bourbeau
|
Batting: RHB Aaron Duncan
|
0-0: Ball 1-0: Ball 2-0: Called Strike 2-1: TRIPLE (Flyball, 9D)
|
Batting: LHB Paul Cotton
|
0-0: Ball 1-0: SINGLE (Groundball, 34S) (infield hit) Aaron Duncan scores
|
Pinch Hitting: RHB Eugene Fisher
|
0-0: Bunted foul 0-1: Called Strike 0-2: Foul Ball, location: 2F 0-2: Foul Ball, location: 2F 0-2: Foul Ball, location: 2F 0-2: Ball 1-2: Ball 2-2: Ball 3-2: Foul Ball, location: 2F 3-2: Base on Balls Paul Cotton to second
|
Pinch Hitting: LHB Allan Bates
|
0-0: Called Strike 0-1: Bunt missed! 0-2: Foul Ball, location: 2F 0-2: Ball 1-2: Ball 2-2: Ball 3-2: Base on Balls Paul Cotton to third Eugene Fisher to second
|
Pitching: LHP Tom Simms
|
|
Pinch Hitting: RHB Bill Rice
|
0-0: Called Strike 0-1: Fly out, F3 (Popup, 3S)
|
Pinch Hitting: RHB Dennis Curran
|
0-0: Reached on error, E6 (Groundball, 6) Paul Cotton scores Eugene Fisher to third Allan Bates to second
|
Batting: RHB Lorenzo Cintrón
|
0-0: Grounds into fielders choice 5-2 (Groundball, 56S) Allan Bates to third Dennis Curran to second
|
Batting: RHB Roberto Casas
|
0-0: Fielders Choice at 2nd, 5-4 (Groundball, 56)
|
Bottom of the 7th over - 2 run(s), 2 hit(s), 1 error(s), 2 left on base; Villanova 8 - Florida State 8 |
TOP OF THE 8TH |
Villanova Wildcats batting - Pitching for Florida State Seminoles : RHP Michael Jeffries
|
Now at SS: Quentin Underwood
|
|
Now in LF: Allan Bates
|
|
Now in CF: Dennis Curran
|
|
Now in RF: Bill Rice
|
|
Batting: RHB Heath Hall
|
0-0: Called Strike 0-1: Ball 1-1: Swinging Strike 1-2: Foul Ball, location: 2F 1-2: Foul Ball, location: 2F 1-2: Ball 2-2: Strikes out swinging
|
Batting: RHB Jason Smith
|
0-0: Ball 1-0: Ball 2-0: Called Strike 2-1: Fly out, F8 (Flyball, 8LM)
|
Batting: RHB Reynaldo Gómez
|
0-0: Ball 1-0: Called Strike 1-1: Ball 2-1: Ball 3-1: Called Strike 3-2: Base on Balls
|
Pitching: RHP A.C. Kinney
|
|
Batting: RHB Juan Romero
|
0-0: Ball Reynaldo Gómez steals 2nd base 1-0: Ball 2-0: Foul Ball, location: 2F 2-1: Ground out 5-3 (Groundball, 5L)
|
Top of the 8th over - 0 run(s), 0 hit(s), 0 error(s), 1 left on base; Villanova 8 - Florida State 8 |
BOTTOM OF THE 8TH |
Florida State Seminoles batting - Pitching for Villanova Wildcats : LHP Tom Simms
|
Batting: RHB Rubén Hernández
|
0-0: Foul Ball, location: 2F 0-1: Swinging Strike 0-2: Ball 1-2: Foul Ball, location: 2F 1-2: Ball 2-2: Ground out 3-1 (Groundball, 34)
|
Batting: RHB Aaron Duncan
|
0-0: Called Strike 0-1: Called Strike 0-2: Foul Ball, location: 2F 0-2: Ball 1-2: Ball 2-2: Foul Ball, location: 2F 2-2: Ball 3-2: Foul Ball, location: 2F 3-2: Base on Balls
|
Batting: LHB Paul Cotton
|
0-0: Ball 1-0: Ball 2-0: Called Strike 2-1: Ball 3-1: Base on Balls Aaron Duncan to second
|
Batting: RHB Quentin Underwood
|
0-0: Ground out U3 (Groundball, 3S) Aaron Duncan to third Paul Cotton to second
|
Batting: LHB Allan Bates
|
0-0: Called Strike 0-1: Called Strike 0-2: Foul Ball, location: 2F 0-2: Foul Ball, location: 2F 0-2: Strikes out swinging
|
Bottom of the 8th over - 0 run(s), 0 hit(s), 0 error(s), 2 left on base; Villanova 8 - Florida State 8 |
TOP OF THE 9TH |
Villanova Wildcats batting - Pitching for Florida State Seminoles : RHP A.C. Kinney
|
Pitching: RHP Charlie Roberts
|
|
Batting: SHB Will Combs
|
0-0: Foul Ball, location: 2F 0-1: Fly out, F8 (Flyball, 8LM)
|
Batting: RHB Robbie Anderson
|
0-0: Ball 1-0: Ball 2-0: Ground out 5-3 (Groundball, 56)
|
Batting: RHB Steve Smith
|
0-0: Foul Ball, location: 2F 0-1: Called Strike 0-2: Strikes out looking
|
Top of the 9th over - 0 run(s), 0 hit(s), 0 error(s), 0 left on base; Villanova 8 - Florida State 8 |
BOTTOM OF THE 9TH |
Florida State Seminoles batting - Pitching for Villanova Wildcats : LHP Tom Simms
|
Pitching: RHP Norm Sweetland
|
|
Batting: RHB Bill Rice
|
0-0: Foul Ball, location: 2F 0-1: Ball 1-1: Ball 2-1: Called Strike 2-2: SINGLE (Line Drive, 4MD)
|
Batting: RHB Dennis Curran
|
0-0: Called Strike 0-1: Ball 1-1: Bunted foul 1-2: Strikes out swinging
|
Batting: RHB Lorenzo Cintrón
|
0-0: Ball 1-0: Fly out, F8 (Flyball, 8LM)
|
Batting: RHB Roberto Casas
|
0-0: Ball 1-0: Ball 2-0: Foul Ball, location: 2F 2-1: Swinging Strike 2-2: Strikes out looking
|
Bottom of the 9th over - 0 run(s), 1 hit(s), 0 error(s), 1 left on base; Villanova 8 - Florida State 8 |
TOP OF THE 10TH |
Villanova Wildcats batting - Pitching for Florida State Seminoles : RHP Charlie Roberts
|
Batting: RHB Michael Boulanger
|
0-0: Ball 1-0: Foul Ball, location: 2F 1-1: Ball 2-1: Ball 3-1: Base on Balls
|
Batting: RHB Martín Flores
|
0-0: Bunted foul 0-1: Bunted foul 0-2: Fly out, F9 (Flyball, 9)
|
Batting: RHB Heath Hall
|
0-0: Swinging Strike 0-1: Called Strike 0-2: Ball 1-2: Ball 2-2: Fly out, F9 (Flyball, 89D)
|
Batting: RHB Jason Smith
|
0-0: Ball 1-0: Called Strike 1-1: Foul Ball, location: 2F 1-2: Ball 2-2: Strikes out swinging
|
Top of the 10th over - 0 run(s), 0 hit(s), 0 error(s), 1 left on base; Villanova 8 - Florida State 8 |
BOTTOM OF THE 10TH |
Florida State Seminoles batting - Pitching for Villanova Wildcats : RHP Norm Sweetland
|
Batting: RHB Rubén Hernández
|
0-0: Called Strike 0-1: Ball 1-1: Ball 2-1: Fly out, F8 (Flyball, 89D)
|
Batting: RHB Aaron Duncan
|
0-0: Called Strike 0-1: Foul Ball, location: 2F 0-2: Foul Ball, location: 2F 0-2: Foul Ball, location: 2F 0-2: Ball 1-2: Ball 2-2: Ball 3-2: Strikes out swinging
|
Batting: LHB Paul Cotton
|
0-0: Ball 1-0: Called Strike 1-1: Called Strike 1-2: Ball 2-2: Ball 3-2: Strikes out swinging
|
Bottom of the 10th over - 0 run(s), 0 hit(s), 0 error(s), 0 left on base; Villanova 8 - Florida State 8 |
TOP OF THE 11TH |
Villanova Wildcats batting - Pitching for Florida State Seminoles : RHP Charlie Roberts
|
Batting: RHB Reynaldo Gómez
|
0-0: Ball 1-0: Ground out U3 (Groundball, 34S)
|
Batting: RHB Juan Romero
|
0-0: Ball 1-0: Ball 2-0: Called Strike 2-1: Ball 3-1: Base on Balls
|
Batting: SHB Will Combs
|
0-0: Ball 1-0: Ball 2-0: SINGLE (Groundball, 4MD) Juan Romero to second Runner from 2nd tries for 3rd, SAFE, no throw
|
Batting: RHB Robbie Anderson
|
0-0: Ball Will Combs steals 2nd base 1-0: Foul Ball, location: 2F 1-1: Ball 2-1: Fly out, F6 (Popup, 6D)
|
Batting: RHB Steve Smith
|
0-0: Called Strike 0-1: Ball 1-1: DOUBLE (Line Drive, 5D) Juan Romero scores Will Combs scores
|
Pitching: LHP Bill Klug
|
|
Batting: RHB Michael Boulanger
|
0-0: Foul Ball, location: 2F 0-1: Ball 1-1: Ball 2-1: Ball 3-1: Foul Ball, location: 2F 3-2: Base on Balls
|
Batting: RHB Martín Flores
|
0-0: Ball 1-0: Swinging Strike 1-1: Swinging Strike 1-2: Ball 2-2: Foul Ball, location: 2F 2-2: Ball 3-2: Base on Balls Steve Smith to third Michael Boulanger to second
|
Batting: RHB Heath Hall
|
0-0: Foul Ball, location: 2F 0-1: Ball 1-1: Fly out, F2 (Popup, 23)
|
Top of the 11th over - 2 run(s), 2 hit(s), 0 error(s), 3 left on base; Villanova 10 - Florida State 8 |
BOTTOM OF THE 11TH |
Florida State Seminoles batting - Pitching for Villanova Wildcats : RHP Norm Sweetland
|
Pitching: RHP Felipe Pacheco
|
|
Batting: RHB Quentin Underwood
|
0-0: Foul Ball, location: 2F 0-1: Foul Ball, location: 2F 0-2: Reached on error, E4 (Groundball, 34)
|
Batting: LHB Allan Bates
|
0-0: Foul Ball, location: 2F 0-1: Foul Ball, location: 2F 0-2: Fly out, F4 (Line Drive, 4M)
|
Batting: RHB Bill Rice
|
0-0: Fly out, F4 (Popup, 4)
|
Batting: RHB Dennis Curran
|
0-0: Ball 1-0: Ball 2-0: Ball 3-0: Base on Balls Quentin Underwood to second
|
Batting: RHB Lorenzo Cintrón
|
0-0: Ball 1-0: Swinging Strike 1-1: Ball 2-1: Foul Ball, location: 2F 2-2: Ball 3-2: Strikes out swinging
|
Bottom of the 11th over - 0 run(s), 0 hit(s), 1 error(s), 2 left on base; Villanova 10 - Florida State 8 |
|